 Dungeon Crawl Stone Soup version 0.31.0-11-ge490571c62 (webtiles) character file.

Game seed: 16157637279374017844

30 qw the Shooter (level 3, 0/18 HPs)
             Began as a Spriggan Hunter on Feb 4, 2024.
             Succumbed to their own poison gas
             ... on level 1 of the Dungeon.
             The game lasted 00:00:03 (754 turns).

qw the Shooter (Spriggan Hunter)                     Turns: 754, Time: 00:00:03

Health: 0/18       AC:  2    Str:  7    XL:     3   Next: 3%
Magic:  4/4        EV: 19    Int: 10    God:
Gold:   59         SH:  0    Dex: 20    Spells: 2/2 levels left

rFire   . . .        a - +1 shortbow
rCold   . . .        (shield currently unavailable)
rNeg    . . .        c - +0 robe
rPois   .            (helmet restricted)
rElec   .            (no cloak)
rCorr   .            (gloves unavailable)
SInv    +            (boots unavailable)
Will    .....        (no amulet)
Stlth   ++           (no ring)
HPRegen 0.23/turn    (no ring)
MPRegen 0.09/turn

%: no passive effects
@: lethally poisoned (0 -> -2), very quick
A: very small, no large weapons, unfitting armour, see invisible, speed 3
a: no special abilities


You were on level 1 of the Dungeon.
You visited 1 branch of the dungeon, and saw 2 of its levels.

You collected 59 gold pieces.


Innate Abilities, Weirdness & Mutations

You are very small and have problems with some larger weapons.
You are too small for most types of armour.
You have supernaturally acute eyesight. (SInv)
You cover ground extremely quickly. (Speed+++)


   Skills:
 - Level 1.5 Fighting
 + Level 4.4 Ranged Weapons
 - Level 4.0 Dodging
 - Level 1.5 Stealth


You had 2 spell levels left.
You didn't know any spells.
Your spell library was empty.

Inventory:

Hand Weapons
 a - a +1 shortbow (weapon)
Armour
 c - a +0 robe (worn)
Potions
 d - a potion of mutation {unknown}

Dungeon Overview and Level Annotations

Branches:
Dungeon (2/15)

Altars:

Shops:
D:2 :


Message History

Done exploring.
739 ||| READING scroll labelled DOINEOTILO.
The air fills with toxic fumes!
As you read the scroll labelled DOINEOTILO, it crumbles to dust.
It was a scroll of poison.
740 ||| READING scroll labelled KODECUE NUFIJ.
As you read the scroll labelled KODECUE NUFIJ, it crumbles to dust.
It is a scroll of enchant weapon.
740 ||| ENCHANTING +0 shortbow.
Your +0 shortbow glows red for a moment.
741 ||| DRINKING 2 orange potions.
It was a potion of curing.
You feel better.
Enter note:
Enter note:
Enter note:
Enter note: You are engulfed in poison gas.
You are poisoned.
You feel very sick.
743 ||| Stepping ~*~*~tactically~*~*~ (cloud).
You feel sick.
744 ||| DRINKING potion of curing.
You feel better.
744 ||| (to cure poison)
You are engulfed in poison gas.
You are poisoned.
You feel very sick.
746 ||| Stepping ~*~*~tactically~*~*~ (cloud).
You feel sick.
There is a lethal amount of poison in your body!
You feel very sick.
There is a lethal amount of poison in your body!
You feel sick.
There is a lethal amount of poison in your body!
You feel sick.
There is a lethal amount of poison in your body!
You feel sick.
There is a lethal amount of poison in your body!
You feel sick.
There is a lethal amount of poison in your body!
You feel sick.
There is a lethal amount of poison in your body!
You feel sick.
There is a lethal amount of poison in your body!
You die...

##.......####.#####
##########.#.#
#.#.# ###### #.#.#
#....# #0#.# #.##.#
#0#.# #.##.# #0#.#
#.##.# #.#.# #.##.#
#@#.# #.##.# #0#.#
#.##.# #0#.# #.##.#
#ยค#.# #.##[###0#.#
#.#....00#.#
#.########.#
#...)......#
##########.#


There were no monsters in sight!

Vanquished Creatures
  An endoplasm (D:1)
  3 giant cockroaches (D:1)
  2 goblins (D:1)
  A hobgoblin (D:1)
  3 jackals (D:1)
  2 quokkas
  3 ball pythons
  4 bats (D:1)
  4 kobolds (D:1)
  4 rats (D:1)
27 creatures vanquished.

Notes
Turn   | Place    | Note
-------+----------+-------------------------------------------
     0 | D:1      | qw the Spriggan Hunter began the quest for the Orb.
     0 | D:1      | Reached XP level 1. HP: 10/10 MP: 2/2
     0 | D:1      | 0 ||| qw: Version: 0.3-a-160-g6735b56
     0 | D:1      | 0 ||| qw: Game counter: 4348
     0 | D:1      | 0 ||| qw: Melee chars always use a shield: true
     0 | D:1      | 0 ||| qw: God list: Okawaru
     0 | D:1      | 0 ||| qw: Allow faded altars: false
     0 | D:1      | 0 ||| qw: Do Orc after clearing Dungeon:15 true
     0 | D:1      | 0 ||| qw: Do second Lair branch before Depths: true
     0 | D:1      | 0 ||| qw: Lair rune preference: random
     0 | D:1      | 0 ||| qw: Goals: Normal
     0 | D:1      | 0 ||| PLANNING D:1-11
    94 | D:1      | You fall into a shaft and drop 1 floor!
    94 | D:2      | Found Uddoam's Book Emporium.
    99 | D:2      | Reached skill level 3 in Dodging
   144 | D:2      | 144 ||| DROPPING scroll of butterflies.
   285 | D:1      | Reached XP level 2. HP: 14/14 MP: 3/3
   696 | D:1      | Reached XP level 3. HP: 18/18 MP: 4/4
   739 | D:1      | 739 ||| READING scroll labelled DOINEOTILO.
   740 | D:1      | 740 ||| READING scroll labelled KODECUE NUFIJ.
   740 | D:1      | 740 ||| ENCHANTING +0 shortbow.
   741 | D:1      | 741 ||| DRINKING 2 orange potions.
   743 | D:1      | 743 ||| Stepping ~*~*~tactically~*~*~ (cloud).
   744 | D:1      | 744 ||| DRINKING potion of curing.
   744 | D:1      | 744 ||| (to cure poison)
   746 | D:1      | 746 ||| Stepping ~*~*~tactically~*~*~ (cloud).
   750 | D:1      | HP: 3/18 [poisoned by you (poison gas)]
   753 | D:1      | HP: 1/18 [poisoned by you (poison gas)]
   754 | D:1      | Succumbed to their own poison gas

Levels and vault maps discovered:
D:1:      dpeg_arrival_tiny_h, layout_basic
D:2:      minmay_spotlight, layout_rooms, serial_shops, nicolae_shop_waterfront,
          roderic_st_hans_cross, minmay_worlds_worst_comb

Skill      XL: |  1  2 |
---------------+-------+-----
Dodging        | 3 4 |  4.0
Fighting       | |  1.5
Ranged Weapons | |  4.4
Stealth        | |  1.5

Action                     || total
---------------------------++-------
   Fire: Shortbow          ||    89
    Use: Scroll            ||     2
         Potion            ||     2
 Armour: Robe              ||    14
  Dodge: Dodged            ||    44

Table legend:
 A = Non-vault XP
 B = Vault XP
 C = Vault XP percentage of total XP
 D = Non-vault monster count
 E = Vault monster count
 F = Vault count percentage of total count
                 A         B        C        D         E       F
            +---------+---------+-------+---------+---------+-------
      Total |      43 |       0 |   0.0 |      27 |       0 |   0.0
            +---------+---------+-------+---------+---------+-------
        D:1 |      38 |       0 |   0.0 |      24 |       0 |   0.0
        D:2 |       5 |       0 |   0.0 |       3 |       0 |   0.0
            +---------+---------+-------+---------+---------+-------
